 Dungeon Crawl Stone Soup version 0.15-a0-1632-gd490d05 (console) character file.

13643 Mutation the Martial Artist (level 12, 0/61 HPs)
             Began as a Vine Stalker Monk on June 21, 2014.
             Was an Elder of Cheibriados.
             Slain by a shadow (6 damage)
             ... on Level 13 of the Dungeon.
             The game lasted 00:35:52 (4766 turns).

Mutation the Martial Artist (Vine Stalker Monk)     Turns: 4766, Time: 00:35:52

HP   0/61        AC  5     Str 27      XL: 12   Next:  8%
MP   0/30        EV 22     Int 20      God: Cheibriados [****..]
Gold 437         SH  0     Dex 29      Spells:  3 memorised,  5 levels left

rFire  . . .     SeeInvis .     q - staff of cold (curse)
rCold  + . .     Clarity  .     D - +0 leather armour (curse)
rNeg   . . .     rCorr    .     (no shield)
rPois  +         rRot     +     (helmet restricted)
rElec  .         Spirit   +     u - +0 cloak (curse)
SustAb .         Warding  .     (no gloves)
rMut   .         Stasis   .     (no boots)
Gourm  .                        r - amulet of guardian spirit
MR     +....                    F - ring of poison resistance
                                m - ring of magical power

@: very slow, somewhat resistant to hostile enchantments, fairly stealthy
A: fangs 3, horns 1, fast metabolism 1, low mp 1, regeneration 3, shaggy fur 1,
magic shield, antimagic bite, no device heal 3, rot immunity
a: Bend Time, Temporal Distortion, Slouch, Renounce Religion


You were on level 13 of the Dungeon.
You worshipped Cheibriados.
Cheibriados was greatly pleased with you.
You were not hungry.

You visited 2 branches of the dungeon, and saw 15 of its levels.

You collected 522 gold pieces.
You spent 85 gold pieces at shops.

Inventory:

Hand weapons
 y - a -2 scythe
Missiles
 H - 2 throwing nets (quivered)
Armour
 e - a +0 troll leather armour
 g - a +1 chain mail of cold resistance
 h - a +0 cloak
 i - a +0 helmet
 o - a troll hide
 u - a cursed +0 cloak (worn)
 w - a +0 pair of boots
 D - a cursed +0 leather armour (worn)
Magical devices
 f - a wand of flame (10)
 j - a wand of confusion (12)
 N - a wand of polymorph (15)
 Y - a wand of digging (13)
Comestibles
 b - 4 bread rations
 k - a meat ration
 B - 3 rotting chunks of troll flesh
Scrolls
 d - 2 scrolls of amnesia
 l - 2 scrolls of recharging
 s - 2 scrolls of teleportation
 t - a scroll of magic mapping
 x - a scroll of blinking
 z - a scroll of immolation
 G - a scroll of noise
Jewellery
 c - an uncursed ring of fire
 m - a ring of magical power (left hand)
 n - an uncursed ring of teleportation
 r - an amulet of guardian spirit (around neck)
 F - a ring of poison resistance (right hand)
 V - an uncursed ring of sustain abilities
 X - an uncursed ring of ice
Potions
 a - a potion of curing
 p - 2 potions of flight
 v - 3 potions of haste
 A - a potion of restore abilities
Magical staves
 q - a cursed staff of cold (weapon)


   Skills:
 * Level 6.1 Fighting
 + Level 8.9 Dodging
 - Level 2.4 Stealth
 + Level 13.9 Unarmed Combat
 - Level 6.1 Invocations


You had 5 spell levels left.
You knew the following spells:

 Your Spells              Type           Power        Failure   Level  Hunger
a - Summon Butterflies    Summ           #.......     21%         1    ##.....
b - Repel Missiles        Chrm/Air       #.....       30%         2    ###....
c - Flight                Chrm/Air       #.........   61%         3    ####...


Dungeon Overview and Level Annotations

Branches:
Dungeon (14/15)               Orc (1/4) D:10
 Temple: D:4-7         Lair: D:8-11      Vaults: D:13-14

Altars:
Cheibriados
Dithmenos
Elyvilon
Makhleb
Xom
Yredelemnul
Zin

Shops:
D:4 ?   D:10 [   D:12 =

Annotations:
Orc:1 valor's ghost, experienced FoFi


Innate Abilities, Weirdness & Mutations

You have razor-sharp teeth.
You regenerate.
When hurt, damage is shared between your health and your magic reserves.
Your bite disrupts and absorbs the magic of your enemies.
Potions and wands cannot restore your health.
You are immune to rotting.
You have a pair of small horns on your head.
You have a fast metabolism.
Your magical capacity is low (-10% MP).
You are covered in fur (AC +1).


Message History

You hit the shadow but do no damage. You bite the shadow. You drain its power.
You feel invigorated.
The shadow is moderately damaged.
The shadow completely misses you.
You hit the shadow but do no damage. You bite the shadow, but do no damage.
The shadow is moderately damaged.
The shadow slips into darkness!
Deactivating autopickup; reactivate with Ctrl-A.
You hit something but do no damage. You bite something.
The shadow strikes at you from the darkness!
* * * LOW HITPOINT WARNING * * *
Reactivating autopickup.
The shadow misses you.
The shadow slips into darkness!
Deactivating autopickup; reactivate with Ctrl-A.
The shadow strikes at you from the darkness!
* * * LOW HITPOINT WARNING * * *
Reactivating autopickup.
The shadow hits you!
You die...

#....).#######...
# #......# #......
. #......# #.##.#.
. ...######......#
# #.#. ..
.............###
#.## ..
...#######...# ...
.. ............#
..# ##
.............#
..[+ .#
........@W...#
...# .#
.#...........# .
#>..........# #.#
#...$.......#
...#.#...........#
#..#.#.........$.#
#..#.#...........#
#..#.#.#'######..#
#..#.#.#. ..


You could see a shadow.

Vanquished Creatures
  A skeletal warrior (D:13)
  A centaur warrior (D:13)
  Pikel (D:5)
  A griffon (D:13)
  A manticore (D:13)
  Maurice (D:11)
  A gargoyle (D:13)
  A centaur skeleton (D:13)
  6 slime creatures (D:12)
  Prince Ribbit (D:8)
  4 trolls
  A basilisk (D:14)
  2 shadows
  Eustachio (D:5)
  2 deep elf magi
  4 vampire mosquitoes (D:12)
  A wraith (D:12)
  2 hungry ghosts
  12 ugly things (D:11)
  2 wolves (D:11)
  A hippogriff (D:11)
  A tengu zombie (D:13)
  A soldier ant (D:14)
  3 sky beasts
  4 ogres
  11 orc warriors
  2 black bears
  2 phantoms
  An ice beast (D:11)
  3 centaurs
  A necrophage (D:7)
  5 giant frogs
  A wight (D:9)
  2 goliath beetles
  2 quasits
  6 crimson imps
  A jelly (D:11)
  4 hounds
  8 iguanas
  A gnoll shaman (D:7)
  6 orc priests
  A giant frog skeleton (D:13)
  8 orc wizards
  8 worker ants
  A mottled dragon zombie (D:12)
  6 adders
  4 gnolls (D:7)
  2 worker ant zombies
  2 big fish zombies (D:5)
  2 shadow imps
  A white imp (D:5)
  A giant mite (D:4)
  An ufetubus (D:5)
  An orc zombie (D:8)
  2 oozes
  36 orcs
  7 bats
  A bat skeleton (D:6)
  A bat zombie (D:6)
  5 giant cockroaches
  10 hobgoblins
  2 quokkas
  3 giant newts (D:3)
  6 goblins
  A hobgoblin zombie (D:5)
  3 kobolds
  An orc skeleton (D:6)
  8 rats
236 creatures vanquished.

Vanquished Creatures (others)
  Sigmund (D:5)
1 creature vanquished.

Grand Total: 237 creatures vanquished

Notes
Turn   | Place    | Note
--------------------------------------------------------------
     0 | D:1      | Mutation, the Vine Stalker Monk, began the quest for the Orb.
     0 | D:1      | Reached XP level 1. HP: 11/11 MP: 1/1
   156 | D:2      | Reached XP level 2. HP: 16/16 MP: 3/3
   281 | D:2      | Reached XP level 3. HP: 9/19 MP: 2/4
   446 | D:2      | Reached skill level 5 in Unarmed Combat
   599 | D:3      | Found a white marble altar of Elyvilon.
   639 | D:3      | Reached XP level 4. HP: 15/23 MP: 3/5
   764 | D:4      | Found Caor's Magic Scroll Boutique.
   780 | D:4      | Bought a scroll of teleportation for 30 gold pieces
   780 | D:4      | Bought a scroll of identify for 20 gold pieces
   780 | D:4      | Bought a scroll of magic mapping for 35 gold pieces
   865 | D:4      | Noticed a phantom
   901 | D:4      | Killed a phantom
   901 | D:4      | Reached skill level 6 in Unarmed Combat
   901 | D:4      | Reached XP level 5. HP: 12/27 MP: 7/7
   914 | D:5      | Entered Level 5 of the Dungeon
   914 | D:5      | Noticed Sigmund
   925 | D:5      | Found a basalt altar of Yredelemnul.
  1010 | D:5      | Noticed a centaur
  1019 | D:5      | Killed a centaur
  1019 | D:5      | Reached skill level 7 in Unarmed Combat
  1019 | D:5      | Gained mutation: You heal very quickly. [vine stalker growth]
  1019 | D:5      | Reached XP level 6. HP: 23/32 MP: 8/8
  1030 | D:5      | Noticed Eustachio
  1076 | D:5      | Killed Eustachio
  1178 | D:4      | Reached skill level 8 in Unarmed Combat
  1359 | D:5      | Found a snail-covered altar of Cheibriados.
  1360 | D:5      | Noticed an ogre
  1360 | D:5      | Noticed Pikel
  1360 | D:5      | Noticed a slave
  1360 | D:5      | Noticed a slave
  1360 | D:5      | Noticed a slave
  1360 | D:5      | Noticed a slave
  1380 | D:5      | Killed an ogre
  1380 | D:5      | Reached XP level 7. HP: 19/35 MP: 9/9
  1420 | D:5      | Killed Pikel
  1420 | D:5      | Reached skill level 10 in Unarmed Combat
  1420 | D:5      | Gained mutation: You have razor-sharp teeth. [vine stalker growth]
  1420 | D:5      | Reached XP level 8. HP: 17/39 MP: 11/11
  1443 | D:5      | Killed Sigmund
  1497 | D:5      | Found a shadowy altar of Dithmenos.
  1508 | D:5      | Became a worshipper of Cheibriados the Contemplative
  1577 | D:6      | Reached skill level 1 in Invocations
  1660 | D:6      | Found a burning altar of Makhleb.
  1660 | D:6      | Noticed an Executioner
  1943 | D:7      | Reached XP level 9. HP: 30/43 MP: 18/18
  2036 | D:8      | Noticed Prince Ribbit
  2050 | D:8      | Killed Prince Ribbit
  2100 | D:8      | Reached skill level 5 in Dodging
  2100 | D:8      | Reached skill level 5 in Invocations
  2185 | D:8      | Found a shimmering altar of Xom.
  2188 | D:8      | Noticed an angel
  2188 | D:8      | Found a glowing silver altar of Zin.
  2225 | D:8      | Acquired Cheibriados' first power
  2477 | D:10     | Entered Level 10 of the Dungeon
  2507 | D:10     | Found Konluf's Armour Emporium.
  2509 | D:10     | Noticed an orc knight
  2543 | D:10     | Found a staircase to the Orcish Mines.
  2641 | D:10     | Reached XP level 10. HP: 29/47 MP: 17/21
  2687 | D:10     | Reached skill level 11 in Unarmed Combat
  2808 | Orc:1    | Entered Level 1 of the Orcish Mines
  2808 | Orc:1    | Noticed valor's ghost (experienced FoFi)
  2835 | D:11     | Acquired Cheibriados' second power
  3004 | D:12     | Noticed a six-headed hydra
  3158 | D:12     | Found Xetaerirch's Jewellery Shop.
  3217 | D:12     | Acquired Cheibriados' third power
  3220 | D:12     | Reached skill level 12 in Unarmed Combat
  3411 | D:12     | Learned a level 1 spell: Summon Butterflies
  3431 | D:13     | Noticed a manticore
  3546 | D:12     | Reached XP level 11. HP: 5/51 MP: 1/23
  3557 | D:12     | Learned a level 2 spell: Repel Missiles
  3561 | D:12     | Learned a level 3 spell: Flight
  3658 | D:12     | Reached skill level 13 in Unarmed Combat
  3771 | D:11     | Paralysed by a potion of paralysis for 3 turns
  3893 | D:11     | Noticed Maurice
  3936 | D:11     | Killed Maurice
  4008 | D:11     | Gained mutation: You have a pair of small horns on your head. [mutagenic meat]
  4009 | D:11     | Gained mutation: Your magical capacity is low (-10% MP). [mutagenic meat]
  4010 | D:11     | Gained mutation: You are covered in fur (AC +1). [mutagenic meat]
  4011 | D:11     | Gained mutation: You have a fast metabolism. [mutagenic meat]
  4208 | D:13     | Killed a manticore
  4216 | D:13     | Noticed a centaur warrior
  4227 | D:13     | Killed a centaur warrior
  4314 | D:13     | Noticed a skeletal warrior
  4340 | D:13     | Killed a skeletal warrior
  4387 | D:13     | Reached skill level 5 in Fighting
  4516 | D:13     | Noticed a griffon
  4533 | D:13     | Killed a griffon
  4542 | D:13     | Gained mutation: You regenerate. [vine stalker growth]
  4542 | D:13     | Reached XP level 12. HP: 16/60 MP: 21/21
  4631 | D:14     | HP: 1/60 [skeletal warrior/flail (12)]
  4766 | D:13     | Slain by a shadow

Action                   |  1- 3 |  4- 6 |  7- 9 | 10-12 || total
-------------------------+-------+-------+-------+-------++-------
Melee: Unarmed           |    87 |   118 |   214 |    36 ||   455
       Staff             |       |       |       |   484 ||   484
Throw: Throwing net      |       |     1 |       |     3 ||     4
Invok: Bend Time         |       |       |     6 |    14 ||    20
       Slouch            |       |       |       |     4 ||     4
       Temporal Distorti |       |       |       |     1 ||     1
Evoke: Wand              |       |     1 |     2 |     5 ||     8
  Use: Scroll            |       |     7 |     3 |     9 ||    19
       Potion            |       |     2 |       |     7 ||     9
 Stab: Sleeping          |       |     1 |     5 |     4 ||    10
       Invisible         |       |       |       |     4 ||     4
       Distracted        |       |       |       |     1 ||     1
